 Dungeon Crawl Stone Soup version 0.28-a0-239-g68911e0c57 (console) character file.

Game seed: 14339497407773587422

406 jejorda2 the Chopper (level 6, -7/53 HPs)
             Began as a Hill Orc Gladiator on Aug 23, 2021.
             Was an Initiate of Uskayaw.
             Mangled by a gnoll shaman (8 damage)
             ... on level 3 of the Dungeon.
             The game lasted 00:06:49 (4397 turns).

jejorda2 the Chopper (Hill Orc Gladiator)           Turns: 4397, Time: 00:06:50

Health: -7/53      AC:  9    Str: 19    XL:     6   Next: 87%
Magic:  1/8        EV: 11    Int:  8    God:    Uskayaw [......]
Gold:   200        SH:  0    Dex: 12    Spells: 5/5 levels left

rFire   . . .      SeeInvis .   a - +0 war axe
rCold   . . .      Faith    .   (no shield)
rNeg    . . .      Spirit   .   k - +0 ring mail
rPois   .          Reflect  .   c - +0 helmet
rElec   .          Harm     .   v - +0 cloak
rCorr   .          Rampage  .   f - +0 pair of gloves
Will    .....                   (no boots)
Stlth   +.........              (no amulet)
HPRegen 0.17/turn               (no ring)
MPRegen 0.11/turn               (no ring)

@: lit by a corona, glowing
A: no striking features
a: Renounce Religion


You were on level 3 of the Dungeon.
You worshipped Uskayaw.
Uskayaw was noncommittal.
You visited 1 branch of the dungeon, and saw 4 of its levels.

You collected 200 gold pieces.

Inventory:

Hand Weapons
 a - a +0 war axe (weapon)
 t - a +0 flail
Missiles
 d - 3 throwing nets
 n - 17 poisoned darts (quivered)
Armour
 c - a +0 helmet (worn)
 f - a +0 pair of gloves (worn)
 k - a +0 ring mail (worn)
 v - a +0 cloak (worn)
Wands
 o - a wand of paralysis (14)
 r - a wand of flame (12)
Scrolls
 b - a scroll of brand weapon {unknown}
 e - a scroll of noise {unknown}
 h - 2 scrolls of fear {unknown}
 j - a scroll of fog {unknown}
 l - a scroll of immolation {unknown}
 m - a scroll of teleportation {unknown}
 p - a scroll of enchant armour {unknown}
 q - a scroll of enchant weapon {unknown}
 s - 2 scrolls of identify {unknown}
Potions
 g - a potion of flight {unknown}
 i - a potion of curing {unknown}
 u - a potion of might {unknown}


   Skills:
 + Level 4.4 Fighting
 * Level 7.1 Axes
 - Level 1.7 Throwing
 + Level 3.1 Armour
 - Level 2.4 Dodging
 + Level 3.1 Invocations


You had 5 spell levels left.
You didn't know any spells.
Your spell library contained the following spells:

 Spells                   Type           Power      Damage    Failure   Level
 Magic Dart               Conj           0%         1d3       58%         1
 Call Imp                 Summ           0%         N/A       73%         2
 Mephitic Cloud           Conj/Pois/Air  0%         N/A       91%         3


Dungeon Overview and Level Annotations

Branches:
Dungeon (4/15)
 Temple: D:4-7

Altars:
Kikubaaqudgha
Sif Muna
Uskayaw
Vehumet

Shops:
D:1 :(

Annotations:
D:3 3 runed translucent doors, exclusion: door, ew1980's ghost, amateur PaFi


Message History

You hit the gnoll shaman.
The gnoll shaman is heavily wounded.
The gnoll shaman barely misses you.
You closely miss the gnoll shaman.
The gnoll shaman is heavily wounded.
The gnoll shaman closely misses you.
You slash the gnoll shaman!
The gnoll shaman is severely wounded.
The gnoll shaman hits you with a +0 trident.
* * * LOW HITPOINT WARNING * * *
You can now pass through a line of other dancers.
Aiming: Line Pass
Press: ? - help, Dir - move target The gnoll shaman appears confused.
You can no longer pass through a line of other dancers.
You are too injured to fight recklessly!
The gnoll shaman hits you but does no damage.
You hit the gnoll shaman.
The gnoll shaman is almost dead.
The gnoll shaman seems less confused.
The gnoll shaman barely misses you.
The gnoll shaman hits you but does no damage.
You hit the gnoll shaman but do no damage.
The gnoll shaman is almost dead.
The gnoll shaman prays to its god.
The gnoll shaman is healed somewhat.
You closely miss the gnoll shaman.
The gnoll shaman is severely wounded.
The gnoll shaman hits you with a +0 trident.
* * * LOW HITPOINT WARNING * * *
You hit the gnoll shaman but do no damage.
The gnoll shaman is severely wounded.
The gnoll shaman closely misses you.
You stomp with the beat, sending a shockwave through the revellers around you!
The gnoll shaman is almost dead.
You can no longer stomp with the beat.
The gnoll shaman hits you but does no damage.
You barely miss the gnoll shaman.
The gnoll shaman is almost dead.
The gnoll shaman hits you with a +0 trident!
You die...

########
###########......#
#.................
#.########........
#@########.#...###
#>g........'......
#)########.#.^.#.#
#.# #.#...#.# #.#
#.#...#.#
#.########.#...#.#
#.#........#####.#
#.#.######## #.#
########.#.# #...#
#.#


You could see a gnoll shaman.

Vanquished Creatures
  A black bear (D:4)
  A necrophage (D:4)
  Crazy Yiuf (D:4)
  A bullfrog skeleton (D:4)
  Robin (D:3)
  2 gnolls (D:3)
  6 adders
  A worm (D:3)
  3 dart slugs
  6 ball pythons
  5 endoplasms
  2 giant cockroaches
  7 goblins
  12 hobgoblins
  10 jackals
  5 kobolds
  3 quokkas
  2 frilled lizards
  2 rats
71 creatures vanquished.

Vanquished Creatures (others)
  A human (D:3)
  A demonic plant (D:3)
  A fungus (D:3)
  A withered plant (D:3)
4 creatures vanquished.

Grand Total: 75 creatures vanquished

Notes
Turn   | Place    | Note
-------+----------+-------------------------------------------
     0 | D:1      | jejorda2 the Hill Orc Gladiator began the quest for the
                  | Orb.
     0 | D:1      | Reached XP level 1. HP: 18/18 MP: 1/1
   122 | D:1      | Reached XP level 2. HP: 13/25 MP: 2/2
   474 | D:1      | Reached skill level 1 in Armour
   557 | D:1      | Found Eloast's Weapon Shop.
   572 | D:1      | Found Ewoel's Book Boutique.
   823 | D:2      | Found a hide-covered altar of Uskayaw.
   825 | D:2      | Reached XP level 3. HP: 31/31 MP: 3/3
   833 | D:2      | Became a worshipper of Uskayaw the Reveller
   885 | D:2      | Reached * piety under Uskayaw
   886 | D:2      | Reached skill level 5 in Axes
  1274 | D:2      | Reached ** piety under Uskayaw
  1401 | D:2      | Reached XP level 4. HP: 24/38 MP: 4/4
  1404 | D:2      | Reached skill level 1 in Invocations
  1918 | D:3      | Found a faded altar of an unknown god.
  1940 | D:3      | Found a runed translucent gate.
  1941 | D:3      | Noticed ew1980's ghost (amateur PaFi)
  1942 | D:3      | Found a runed translucent gate.
  1942 | D:3      | Found a runed translucent gate.
  2048 | D:3      | Found a radiant altar of Vehumet.
  2514 | D:3      | Found an ancient bone altar of Kikubaaqudgha.
  2515 | D:3      | Noticed a human
  2518 | D:3      | Killed a human
  2601 | D:3      | Reached XP level 5. HP: 45/45 MP: 6/6
  2636 | D:3      | Noticed Robin
  2653 | D:3      | Killed Robin
  2889 | D:3      | Found a shimmering blue altar of Sif Muna.
  3077 | D:4      | Noticed a black bear
  3085 | D:4      | Killed a black bear
  3086 | D:4      | Reached skill level 6 in Axes
  3086 | D:4      | Reached XP level 6. HP: 29/52 MP: 7/7
  3554 | D:4      | Noticed a necrophage
  3574 | D:4      | Killed a necrophage
  3814 | D:4      | Found a runed translucent door.
  3815 | D:4      | Noticed Crazy Yiuf
  3820 | D:4      | Killed Crazy Yiuf
  3821 | D:4      | Reached skill level 7 in Axes
  4394 | D:3      | HP: 1/53 [gnoll shaman (5)]
  4397 | D:3      | Mangled by a gnoll shaman

Illustrated notes

Levels and vault maps discovered:
D:1:      dpeg_arrival_pond, layout_loops_cross, serial_shops, shop,
          nicolae_square_shop
D:2:      layout_basic, basic_altar
D:3:      layout_basic, led_sif_book, mainiacjoe_overflow_tiny_flanked,
          tgw_kikubaaqudgha, shapermc_ecumenical_altar_gd,
          gammafunk_ghost_split, uniq_robin
D:4:      layout_layer_cave, kennysheep_generic_room_10, uniq_crazy_yiuf_cottage

Skill      XL: |  1  2  3  4  5  6 |
---------------+-------------------+-----
Armour         | 1 2 3 |  3.1
Fighting       | 3 4 |  4.4
Axes           | 5 6 7 |  7.1
Invocations    | 1 2 3 |  3.1
Throwing       | |  1.7
Dodging        | |  2.4

Action                   |  1- 3 |  4- 6 || total
-------------------------+-------+-------++-------
Melee: War axe           |    84 |   161 ||   245
Throw: Dart              |       |     2 ||     2
Invok: Line Pass         |       |     2 ||     2
       Stomp             |       |     1 ||     1
Armor: Leather armour    |    14 |       ||    14
       Ring mail         |    19 |    68 ||    87
Dodge: Dodged            |    67 |   104 ||   171

Table legend: (Time is in decaauts)
 A = Elapsed time spent in this place.
 B = Non-inter-level travel time spent in this place.
 C = Inter-level travel time spent in this place.
 D = Time resting spent in this place.
 E = Time spent auto-exploring this place.
 F = Levels seen in this place.
 G = Mean time per level.
                   A        B        C        D        E       F      G
               +--------+--------+--------+--------+--------+-----+--------+
         Total |   4452 |   4263 |    189 |      0 |   3601 |   4 | 1113.0 |
       Dungeon |   4452 |   4263 |    189 |      0 |   3601 |   4 | 1113.0 |
               +--------+--------+--------+--------+--------+-----+--------+

Top non-repeatable levels by time:
     D:3: 1472 daAuts
     D:4: 1138 daAuts
     D:2: 1011 daAuts
     D:1: 830 daAuts
